 Dungeon Crawl Stone Soup version 0.28.0 (webtiles) character file.

Game seed: 7598092523917447005

3304 SnakkuSnakku7 the Carver (level 9, -1/65 HPs)
             Began as a Vampire Fire Elementalist on Feb 15, 2022.
             Was a Believer of Wu Jian.
             Slain by a sixfirhy (10 damage)
             ... summoned by a kobold demonologist
             ... on level 8 of the Dungeon.
             The game lasted 00:10:50 (7320 turns).

SnakkuSnakku7 the Carver (VpFE)                     Turns: 7320, Time: 00:10:52

Health: -1/65      AC: 14    Str: 17    XL:     9   Next: 70%
Magic:  12/12      EV:  8    Int: 17    God:    Wu Jian [**....]
Gold:   371        SH:  3    Dex: 15    Spells: 11/12 levels left

rFire   . . .      SeeInvis +   a - +2 falchion (elec)
rCold   . . .      Faith    .   o - +0 buckler
rNeg    . . .      Spirit   .   d - +0 plate armour
rPois   .          Reflect  .   (no helmet)
rElec   .          Harm     .   A - +0 cloak
rCorr   .          Rampage  .   (no gloves)
Will    .....                   k - +2 pair of boots
Stlth   ..........              C - amulet of regeneration
HPRegen 1.20/turn               i - +4 ring of evasion
MPRegen 0.13/turn               e - +6 ring of strength

@: healing quickly
A: alive, fangs 3, see invisible, vampiric 2
a: Exsanguinate, Renounce Religion, Wall Jump


You were on level 8 of the Dungeon.
You worshipped Wu Jian.
Wu Jian was pleased with you.
You visited 2 branches of the dungeon, and saw 9 of its levels.
You also visited: Ossuary.

You collected 371 gold pieces.

Inventory:

Hand Weapons
 a - a +2 falchion of electrocution (weapon)
 b - a +2 dagger of venom
 E - a +4 long sword
Missiles
 s - a throwing net
Armour
 d - a +0 plate armour (worn)
 k - a +2 pair of boots (worn)
 o - a +0 buckler (worn)
 A - a +0 cloak (worn)
Jewellery
 e - a +6 ring of strength (right hand)
 h - a ring of poison resistance
 i - a +4 ring of evasion (left hand)
 C - an amulet of regeneration (around neck)
Wands
 m - a wand of flame (28)
 y - a wand of paralysis (3)
Scrolls
 c - a scroll of vulnerability
 u - 3 scrolls of immolation
 v - a scroll of magic mapping
 w - 2 scrolls of fog {unknown}
 x - a scroll of identify
 z - a scroll of enchant weapon {unknown}
 B - a scroll of blinking {unknown}
Potions
 f - 2 potions of lignification
 g - a potion of heal wounds
 j - 2 potions of cancellation {unknown}
 l - 4 potions of might
 n - 2 potions of attraction
 p - 4 potions of flight
 q - 9 potions of curing {unknown}
 r - a potion of mutation
 t - a potion of berserk rage
 D - a potion of degeneration {unknown}


   Skills:
 - Level 4.1 Fighting
 + Level 12.4 Long Blades
 - Level 2.1 Dodging
 - Level 3.0 Stealth
 - Level 3.2 Unarmed Combat
 - Level 2.0 Spellcasting
 - Level 0.6 Conjurations
 - Level 2.4 Fire Magic


You had 11 spell levels left.
You knew the following spells:

 Your Spells              Type           Power      Damage    Failure   Level
a - Foxfire               Conj/Fire      24%        2x1d5     100%        1

Your spell library contained the following spells:

 Spells                   Type           Power      Damage    Failure   Level
 Magic Dart               Conj           12%        1d3       100%        1
 Call Imp                 Summ           1%         N/A       100%        2
 Scorch                   Fire           18%        2d6       100%        2
 Conjure Flame            Conj/Fire      6%         6-21      100%        3
 Gell's Gravitas          Tloc           1%         N/A       100%        3
 Inner Flame              Hex/Fire       5%         N/A       100%        3
 Lesser Beckoning         Tloc           1%         N/A       100%        3
 Mephitic Cloud           Conj/Pois/Air  2%         N/A       100%        3
 Teleport Other           Tloc           1%         N/A       100%        3
 Tukima's Dance           Hex            1%         N/A       100%        3
 Anguish                  Hex/Necr       0%         N/A       100%        4
 Animate Dead             Necr           0%         N/A       100%        4
 Flame Wave               Conj/Fire      6%         2d5       100%        4
 Enfeeble                 Hex            0%         N/A       100%        7
 Haunt                    Necr/Summ      0%         N/A       100%        7
 Infestation              Necr           0%         N/A       100%        8


Dungeon Overview and Level Annotations

Branches:
Dungeon (8/15)             Temple (1/1) D:5         Ossuary (visited)
   Lair: D:8-11

Altars:
Ashenzari
Cheibriados
Dithmenos
Elyvilon
Fedhas
Gozag
Hepliaklqana
Kikubaaqudgha
Nemelex Xobeh
Okawaru
Ru
Sif Muna
Trog
Uskayaw
Vehumet
Wu Jian
Xom
Yredelemnul
Zin

Shops:
D:1 =

Annotations:
D:7 1 runed translucent door, DrStoges's ghost, novice BaIE
D:8 2 transporters, GrayStillPlays's ghost, novice VSBe


Innate Abilities, Weirdness & Mutations

Your natural rate of healing is accelerated.
You have razor-sharp teeth.
You have supernaturally acute eyesight. (SInv)
You are afflicted with vampirism and can become a bat while bloodless.


Message History

You miss the kobold demonologist.
The kobold demonologist is almost dead.
The shadow imp barely misses you.
You block the kobold demonologist's attack.
You miss the kobold demonologist.
The kobold demonologist is almost dead.
You spin and attack the shadow imp repeatedly.
You slash the shadow imp! Your bite misses the shadow imp.
The shadow imp is severely wounded.
You hit the shadow imp.
The shadow imp is almost dead.
The shadow imp barely misses you.
The kobold demonologist casts a spell.
The shadow imp gestures at you. Pain shoots through your body!
The kobold demonologist looks satisfied for a moment.
The kobold demonologist gestures wildly while chanting.
The ice devil disappears in a puff of smoke!
The kobold demonologist mumbles some strange words.
There is an escape hatch in the ceiling here.
The sixfirhy hits you. The sixfirhy shocks you!
The sixfirhy hits you but does no damage.
You spin and attack the sixfirhy.
You barely miss the sixfirhy. The sixfirhy hits you. The sixfirhy shocks you!
The sixfirhy hits you. The sixfirhy shocks you!
You spin and attack the sixfirhy.
You hit the sixfirhy. You bite the sixfirhy.
The sixfirhy is moderately wounded.
The shadow imp disappears in a puff of smoke!
The orange demon disappears in a puff of smoke!
You spin and attack the sixfirhy.
You barely miss the sixfirhy.
The sixfirhy is moderately wounded.
You block the sixfirhy's attack.
There is an escape hatch in the ceiling here.
The sixfirhy barely misses you. x2; The sixfirhy hits you.
The sixfirhy shocks you!
* * * LOW HITPOINT WARNING * * *
The sixfirhy hits you!
* * * LOW HITPOINT WARNING * * *
The sixfirhy shocks you!
You die...

..#..........)).............#
#...........4....(..........#
#...<........3..............##
.............................##
............###ยง..............###
..........### ##.............#..#
.........## #K.>..........#.##
.....###.## #...##.......#.##
...#####..######@.###........##
..## ##........3.###.........#
..####............#.........##
.###...###...##..............##
.##...##_##..##..####.........###
...####...####..## ###....#....#
..##....[....##.# ###..#####.
###..##...##..### #..## ##
#_..###_._###.._### ##...####


You could see a kobold demonologist and a sixfirhy (summoned).

Vanquished Creatures
  Prince Ribbit (D:8)
  3 yaks (D:8)
  A steam dragon (D:8)
  2 water moccasins
  An orc warrior (D:7)
  A sky beast (D:7)
  2 black bears (D:6)
  A necrophage (D:6)
  2 ogres (D:5)
  A phantom (D:6)
  2 centaurs (D:8)
  2 bullfrogs
  A scorpion (D:6)
  4 wights (D:7)
  A bullfrog zombie (D:3)
  5 centaur zombies
  3 hounds
  2 orc priests
  2 human zombies (Ossuary)
  A jelly (D:5)
  A bullfrog skeleton (D:6)
  3 centaur skeletons
  4 iguanas
  A scorpion zombie (D:5)
  6 orc wizards
  2 mummies (Ossuary)
  6 gnolls
  A howler monkey skeleton (D:7)
  8 adders
  A shadow imp (D:5)
  5 white imps
  An ufetubus (D:4)
  An adder skeleton (D:4)
  An adder zombie (Ossuary)
  2 worms (D:2)
  3 dart slugs
  24 orcs
  8 endoplasms
  3 giant cockroaches
  4 hobgoblins
  2 kobolds
  2 quokkas
  5 ball pythons
  2 bats
  A frilled lizard (D:2)
  5 goblins
  5 hobgoblin zombies (Ossuary)
  3 jackal zombies (Ossuary)
  14 kobold zombies (Ossuary)
  8 orc zombies (Ossuary)
  A rat (D:1)
  2 rat zombies (Ossuary)
173 creatures vanquished.

Vanquished Creatures (others)
  14 foxfires
  4 toadstools (D:1)
18 creatures vanquished.

Grand Total: 191 creatures vanquished

Notes
Turn   | Place    | Note
-------+----------+-------------------------------------------
     0 | D:1      | SnakkuSnakku7 the Vampire Fire Elementalist began the quest
                  | for the Orb.
     0 | D:1      | Reached XP level 1. HP: 13/13 MP: 3/3
    33 | D:2      | Noticed a hound
    62 | D:1      | Reached XP level 2. HP: 19/19 MP: 1/5
   302 | D:1      | Gained mutation: You are afflicted with vampirism and can
                  | become a bat while bloodless. [Vampire growth]
   302 | D:1      | Reached XP level 3. HP: 22/24 MP: 6/6
   501 | D:1      | Found Bycwid's Jewellery Shoppe.
   925 | D:2      | Reached skill level 1 in Fighting
   941 | D:2      | Reached XP level 4. HP: 20/33 MP: 7/7
   994 | D:2      | Found a faded altar of an unknown god.
  2068 | D:3      | Reached XP level 5. HP: 29/41 MP: 8/8
  2675 | D:4      | Found a sand-covered staircase.
  2716 | Ossuary  | Entered an ossuary
  2739 | Ossuary  | Reached skill level 1 in Long Blades
  2852 | Ossuary  | Reached XP level 6. HP: 37/48 MP: 9/9
  2890 | Ossuary  | Reached skill level 2 in Long Blades
  2930 | Ossuary  | Reached skill level 3 in Long Blades
  3118 | D:4      | Reached skill level 4 in Long Blades
  3216 | D:4      | Reached XP level 7. HP: 54/54 MP: 10/10
  3266 | D:4      | Found a hide-covered altar of Uskayaw.
  3390 | D:4      | Found a snail-covered altar of Cheibriados.
  3542 | D:5      | Entered Level 5 of the Dungeon
  3764 | D:5      | Reached skill level 5 in Long Blades
  3835 | D:5      | Found a staircase to the Ecumenical Temple.
  3894 | Temple   | Entered the Ecumenical Temple
  3950 | Temple   | Became a worshipper of the Wu Jian Council
  4135 | D:5      | Reached skill level 6 in Long Blades
  4407 | D:5      | Reached skill level 7 in Long Blades
  4407 | D:5      | Reached XP level 8. HP: 60/60 MP: 11/11
  4819 | D:6      | Reached skill level 8 in Long Blades
  4910 | D:6      | Reached * piety under Wu Jian
  5013 | D:6      | Reached skill level 9 in Long Blades
  5017 | D:6      | Found a hazy altar of Hepliaklqana.
  5666 | D:7      | Reached skill level 10 in Long Blades
  5876 | D:7      | Reached XP level 9. HP: 65/65 MP: 12/12
  5950 | D:7      | Found a runed translucent door.
  6126 | D:7      | Reached ** piety under Wu Jian
  6325 | D:7      | Noticed DrStoges's ghost (novice BaIE)
  6342 | D:8      | Noticed GrayStillPlays's ghost (novice VSBe)
  6342 | D:8      | Found a transporter.
  6343 | D:8      | Noticed a two-headed ogre
  6344 | D:8      | Found a transporter.
  6373 | D:8      | Noticed Prince Ribbit
  6384 | D:8      | Killed Prince Ribbit
  6385 | D:8      | Reached skill level 11 in Long Blades
  6597 | D:8      | Reached skill level 12 in Long Blades
  6626 | D:8      | Found a faded altar of an unknown god.
  6633 | D:8      | Found a faded altar of an unknown god.
  6635 | D:8      | Found a basalt altar of Yredelemnul.
  6636 | D:8      | Found a shadowy altar of Dithmenos.
  7048 | D:8      | Noticed a kobold demonologist
  7049 | D:8      | Noticed an orange demon
  7050 | D:8      | Noticed an orange demon
  7177 | D:8      | Noticed a smoke demon
  7290 | D:8      | Noticed an ice devil
  7294 | D:8      | Noticed an orange demon
  7302 | D:8      | Noticed a rust devil
  7310 | D:8      | Noticed a sixfirhy
  7320 | D:8      | Slain by a sixfirhy

Illustrated notes

Levels and vault maps discovered:
D:1:      ldierk_walled_garden_2, layout_basic, serial_shops,
          nicolae_shop_hallway_stairs, chequers_decorated_corner,
          minmay_pentomino_r4
D:2:      layout_loops_ring, ebering_ecumenical_altar_abandoned,
          serial_bayou_pond_d, grunt_ministairs_13
D:3:      layout_basic
D:4:      layout_cave_pools, mainiacjoe_overflow_alcove_1,
          mainiacjoe_overflow_surrounded_room, enter_ossuary_2
D:5:      layout_basic, minmay_temple_entry_glassed_door,
          grunt_decor_resistance, hangedman_decor_opposing
D:6:      layout_loops_corners, mainiacjoe_overflow_alcove_2
D:7:      layout_basic, ebering_ghost_reflecting_pool
D:8:      layout_layer_cave, chequers_temple_overflow_minitemple,
          gammafunk_ghost_smash, uniq_prince_ribbit1
Temple:   dshaligram_water_room_temple

Skill      XL: |  1  2  3  4  5  6  7  8  9 |
---------------+----------------------------+-----
Unarmed Combat | 2 3 |  3.2
Fighting       | 1 3 4 |  4.1
Long Blades    | 1 4 7 10 12 | 12.4
Dodging        | |  2.1
Stealth        | |  3.0
Spellcasting   | |  2.0
Conjurations   | |  0.6
Fire Magic     | |  2.4

Action                   |  1- 3 |  4- 6 |  7- 9 || total
-------------------------+-------+-------+-------++-------
Melee: Unarmed           |     9 |    31 |       ||    40
       Dagger            |    25 |   105 |     5 ||   135
       Bite              |     3 |    26 |    41 ||    70
       Punch             |     1 |     8 |       ||     9
       Falchion          |       |   136 |   284 ||   420
 Cast: Foxfire           |     7 |     2 |       ||     9
Invok: Lunge             |       |       |    15 ||    15
       Whirlwind         |       |       |     9 ||     9
Evoke: Wand              |       |       |     4 ||     4
  Use: Scroll            |       |    10 |     5 ||    15
 Stab: Sleeping          |     2 |     9 |       ||    11
       Paralysed         |       |       |     4 ||     4
Armor: Robe              |     7 |    41 |       ||    48
       Plate armour      |       |     4 |   159 ||   163
Dodge: Dodged            |    18 |   127 |    45 ||   190
Block: Other             |       |    59 |       ||    59
       Buckler           |       |     4 |    64 ||    68
       Reflection        |       |       |     2 ||     2
